 Dungeon Crawl Stone Soup version 0.29.0-13-gc9e81de378 (webtiles) character file.

Game seed: 7332082604842507023

7 browni3141 the Caller (level 2, 0/20 HPs)
             Began as a Ghoul Summoner on Sept 9, 2022.
             Slain by a jackal (3 damage)
             ... on level 1 of the Dungeon.
             The game lasted 00:00:55 (200 turns).

browni3141 the Caller (Ghoul Summoner)               Turns: 200, Time: 00:00:56

Health: 0/20       AC:  2    Str: 11    XL:     2   Next: 4%
Magic:  0/4        EV: 12    Int: 10    God:
Gold:   10         SH:  0    Dex:  9    Spells: 4/5 levels left

rFire   . . .      SeeInvis .   (no weapon)
rCold   + . .      Faith    .   (no shield)
rNeg    + + +      Spirit   .   a - +0 robe
rPois   ∞          Reflect  .   (no helmet)
rElec   .          Harm     .   (no cloak)
rCorr   .          Rampage  .   (no gloves)
Will    .....                   (no boots)
Stlth   ++........              (no amulet)
HPRegen 0.00/turn               (no ring)
MPRegen 0.09/turn               (no ring)

@: inhibited regen
A: claws 1, cold resistance 1, negative energy resistance 3, inhibited
regeneration, torment resistance 2, devour on kill
a: no special abilities


You were on level 1 of the Dungeon.
You visited 1 branch of the dungeon, and saw 1 of its levels.

You collected 10 gold pieces.


Innate Abilities, Weirdness & Mutations

You are immune to poison.
You have sharp fingernails.
Your flesh is cold resistant. (rC+)
You are immune to negative energy. (rN+++)
You do not regenerate when monsters are visible.
You are immune to unholy pain and torment.
You thrive by killing the living.


   Skills:
 - Level 1.7 Dodging
 - Level 2.1 Stealth
 * Level 2.3 Spellcasting
 - Level 3.6 Summonings


You had 4 spell levels left.
You knew the following spells:

 Your Spells              Type           Power      Damage    Failure   Level
z - Summon Small Mammal   Summ           32%        N/A       7%          1

Your spell library contained the following spells:

 Spells                   Type           Power      Damage    Failure   Level
 Call Imp                 Summ           8%         N/A       11%         2
 Call Canine Familiar     Summ           8%         N/A       21%         3
 Summon Guardian Golem    Hex/Summ       4%         N/A       41%         3
 Summon Lightning Spire   Summ/Air       4%         N/A       82%         4

Inventory:

Armour
 a - a +0 robe (worn)
Jewellery
 G - an amulet of guardian spirit
Potions
 b - a potion of magic
 c - a potion of curing {unknown}
 d - a potion of flight {unknown}

Dungeon Overview and Level Annotations

Branches:
Dungeon (1/15)

Altars:

###### #$...# #....####+
#......... +.........
#@# .............#
#######h##.........$....
.......hr.............>.
########.#..............
#.# ............. #.#
......$...... #†#
......$†..... #.### #
#r..... #..§# ##r.....


You could see 2 jackals and a rat.


Message History

Your bat misses the jackal.
Your bat closely misses the jackal.
The jackal barely misses you.
You scratch the jackal.
The jackal is severely wounded.
The jackal bites you.
* * * LOW HITPOINT WARNING * * *
You closely miss the jackal.
The jackal is severely wounded.
The jackal barely misses you.
The jackal bites you but does no damage.
You closely miss the jackal.
The jackal is severely wounded.
The jackal bites you.
* * * LOW HITPOINT WARNING * * *
You closely miss the jackal.
The jackal is severely wounded.
The jackal barely misses you.
You closely miss the jackal.
The jackal is severely wounded.
The jackal bites you but does no damage.
The jackal bites you.
* * * LOW HITPOINT WARNING * * *
You closely miss the jackal.
The jackal is severely wounded.
The jackal completely misses you.
You barely miss the jackal.
The jackal is severely wounded.
The jackal closely misses you. The jackal bites you.
You die...

Skill      XL: |  1 |
---------------+----+-----
Spellcasting   | 2 |  2.3
Dodging        | |  1.7
Stealth        | |  2.1
Summonings     | |  3.6

Action                   || total
-------------------------++-------
Melee: Unarmed           ||    23
 Cast: Summon Small Mamm ||     8
Armor: Robe              ||    11
Dodge: Dodged            ||    22

Levels and vault maps discovered:
D:1:      matt_arrival_los_fun, layout_basic, serial_bayou_lake_a

Notes
Turn   | Place    | Note
-------+----------+-------------------------------------------
     0 | D:1      | browni3141 the Ghoul Summoner began the quest for the Orb.
     0 | D:1      | Reached XP level 1. HP: 14/14 MP: 2/2
   123 | D:1      | Reached skill level 2 in Spellcasting
   183 | D:1      | Reached XP level 2. HP: 7/20 MP: 0/4
   200 | D:1      | Slain by a jackal

Vanquished Creatures
  A giant cockroach (D:1)
  A kobold (D:1)
2 creatures vanquished.

Vanquished Creatures (collateral kills)
  A hobgoblin (D:1)
  2 jackals (D:1)
  A ball python (D:1)
4 creatures vanquished.

Grand Total: 6 creatures vanquished

Table legend: (Time is in decaauts)
 A = Elapsed time spent in this place.
 B = Non-inter-level travel time spent in this place.
 C = Inter-level travel time spent in this place.
 D = Time resting spent in this place.
 E = Time spent auto-exploring this place.
 F = Levels seen in this place.
 G = Mean time per level.
                   A        B        C        D        E       F      G
               +--------+--------+--------+--------+--------+-----+--------+
         Total |    200 |    200 |      0 |      0 |    124 |   1 |  200.0 |
       Dungeon |    200 |    200 |      0 |      0 |    124 |   1 |  200.0 |
               +--------+--------+--------+--------+--------+-----+--------+

Top non-repeatable levels by time:
     D:1: 200 daAuts

Table legend:
 A = Non-vault XP
 B = Vault XP
 C = Vault XP percentage of total XP
 D = Non-vault monster count
 E = Vault monster count
 F = Vault count percentage of total count
                 A         B        C        D         E       F
            +---------+---------+-------+---------+---------+-------
      Total |      11 |       0 |   0.0 |       6 |       0 |   0.0
            +---------+---------+-------+---------+---------+-------
        D:1 |      11 |       0 |   0.0 |       6 |       0 |   0.0
            +---------+---------+-------+---------+---------+-------
